 Dungeon Crawl Stone Soup version 0.31-a0-1308-ga3cce3a448 (webtiles) character file.

Game seed: 13200989106237740017

562 sampeng1 the Trooper (level 7, 0/93 HPs)
             Began as a Minotaur Berserker on Dec 19, 2023.
             Was a Priest of Trog.
             Slain by Pikel
             ... wielding a +2 whip of flaming
              (3 damage)
             ... on level 5 of the Dungeon on Dec 20, 2023.
             The game lasted 00:12:57 (3189 turns).

sampeng1 the Trooper (Minotaur Berserker)           Turns: 3189, Time: 00:12:57

Health: 0/93       AC:  7    Str: 24    XL:     7   Next: 10%
Magic:  6/6        EV: 11    Int:  4    God:    Trog [***...]
Gold:   170        SH:  0    Dex: 11    Spells: 6/6 levels left

rFire   . . .        p - +0 war axe
rCold   . . .        (no shield)
rNeg    . . .        a - +0 scale mail
rPois   .            (helmet restricted)
rElec   .            (no cloak)
rCorr   .            (no gloves)
SInv    .            (no boots)
Will    +....        (no amulet) Stlth
                     k - ring of willpower
HPRegen 0.35/turn    (no ring)
MPRegen 0.10/turn

%: clarity
@: berserking, very quick
A: horns 2, retaliatory headbutt, thin skeletal structure 1, clarity, persistent
drain
a: Renounce Religion, Berserk, Trog's Hand


You were on level 5 of the Dungeon.
You worshipped Trog.
Trog was most pleased with you.
You visited 1 branch of the dungeon, and saw 5 of its levels.

You collected 170 gold pieces.

Inventory:

Hand Weapons
 p - a +0 war axe (weapon)
Missiles
 d - 6 javelins
 n - 12 poisoned darts (quivered)
Armour
 a - a +0 scale mail (worn)
Jewellery
 k - a ring of willpower (left hand)
Scrolls
 g - a scroll of teleportation {unknown}
 i - a scroll of fear {unknown}
 l - a scroll of identify
 o - a scroll of enchant weapon {unknown}
Potions
 b - a potion of berserk rage
 c - 2 potions of cancellation
 e - a potion of curing
 f - 3 potions of haste
 h - 2 potions of degeneration {unknown}
 m - a potion of brilliance {unknown}


   Skills:
 + Level 5.8 Fighting
 + Level 5.7 Axes
 - Level 1.0(3.6) Maces & Flails
 + Level 5.0 Armour
 + Level 4.5 Dodging


You had 6 spell levels left.
You didn't know any spells.
Your spell library was empty.

Dungeon Overview and Level Annotations

Branches:
Dungeon (5/15)             Temple (0/1) D:4

Altars:
Fedhas
Ru

Annotations:
D:5 Pikel


Innate Abilities, Weirdness & Mutations

You have a pair of horns on your head.
You reflexively headbutt those who attack you in melee.
You have a somewhat thin skeletal structure. (Dex +2, Stealth+)
You possess an exceptional clarity of mind.
Your health recovers twice as slowly from being drained.


Message History

Pikel is moderately wounded.
You hit the lemure.
You closely miss the lemure. x2; You hit the lemure.
The lemure barely misses you. You furiously retaliate!
You headbutt the lemure!
Pikel hits you with a +2 whip of flaming.
Pikel burns you. The lemure hits you. The lemure barely misses you.
The lemure hits you.
You closely miss Pikel.
Pikel is lightly wounded.
You hit the lemure. You barely miss the lemure. x2
You closely miss the lemure. The lemure hits you.
The lemure hits you but does no damage. The lemure hits you.
The lemure completely misses you. Pikel closely misses you.
You furiously retaliate!
You headbutt Pikel, but do no damage.
A red film seems to cover your vision as you go berserk!
You feel yourself moving faster!
You feel mighty! The lemure closely misses you. The lemure barely misses you.
Pikel hits you but does no damage. The lemure hits you. x2
* * * LOW HITPOINT WARNING * * *
You hit Pikel but do no damage.
Pikel is lightly wounded.
You slash the lemure! x2; You hit the lemure.
You miss the lemure. The lemure barely misses you. You furiously retaliate!
You headbutt the lemure! The lemure hits you.
* * * LOW HITPOINT WARNING * * *
The lemure closely misses you.
Pikel hits you with a +2 whip of flaming!
* * * LOW HITPOINT WARNING * * *
Pikel burns you.
* * * LOW HITPOINT WARNING * * *
The lemure hits you.
* * * LOW HITPOINT WARNING * * *
You slash Pikel! Your headbutt misses Pikel. Your punch misses Pikel.
Pikel is heavily wounded.
You completely miss the lemure. You slash the lemure!
You kill the lemure!
That felt strangely unrewarding.
You closely miss the lemure. x2
The lemure hits you but does no damage.
Pikel hits you with a +2 whip of flaming.
You die...
Pikel says, "Another soul for the market."

...................
...>...............
....................
....................
[....................
.....................
......5............#
......K@...........#
......55.##.(..#.#.#
......#####........#
....## #....#...#..
..# ###........... .
####....#####....
#.........#......
#..#..#.........
#.##..#...#.....


You could see Pikel and 3 lemures.

Vanquished Creatures
  Sigmund (D:4)
  An ogre (D:4)
  A lemure (D:5)
  An orc priest (D:4)
  A sleepcap (D:3)
  4 orc wizards
  A gnoll (D:1)
  4 adders
  3 dart slugs
  6 orcs
  9 endoplasms
  14 giant cockroaches
  8 goblins
  10 hobgoblins
  6 jackals (D:2)
  6 quokkas
  A ball python (D:1)
  6 bats
  2 frilled lizards
  5 kobolds
  2 rats (D:2)
92 creatures vanquished.

Notes
Turn   | Place    | Note
-------+----------+-------------------------------------------
     0 | D:1      | sampeng1 the Minotaur Berserker began the quest for the
                  | Orb.
     0 | D:1      | Reached XP level 1. HP: 19/19 MP: 0/0
   191 | D:1      | Reached XP level 2. HP: 27/27 MP: 1/1
   396 | D:1      | Reached XP level 3. HP: 33/33 MP: 2/2
   687 | D:1      | Reached ** piety under Trog
  1317 | D:2      | Reached skill level 1 in Maces & Flails
  1317 | D:2      | Reached XP level 4. HP: 39/41 MP: 3/3
  1362 | D:2      | Reached *** piety under Trog
  1762 | D:2      | Gained mutation: You possess an exceptional clarity of
                  | mind. [potion of mutation]
  1762 | D:2      | Gained mutation: Your health recovers twice as slowly from
                  | being drained. [potion of mutation]
  1762 | D:2      | Gained mutation: You have a somewhat thin skeletal
                  | structure. (Dex +2, Stealth+) [potion of mutation]
  2057 | D:3      | Reached XP level 5. HP: 46/47 MP: 4/4
  2337 | D:4      | Noticed Sigmund
  2348 | D:4      | Killed Sigmund
  2349 | D:4      | Reached skill level 5 in Fighting
  2349 | D:4      | Reached skill level 5 in Axes
  2349 | D:4      | Reached XP level 6. HP: 46/56 MP: 5/5
  2431 | D:4      | Found a blossoming altar of Fedhas.
  2431 | D:4      | Found a sacrificial altar of Ru.
  2620 | D:4      | Found a staircase to the Ecumenical Temple.
  2632 | D:4      | Reached skill level 5 in Armour
  2632 | D:4      | Reached XP level 7. HP: 23/62 MP: 6/6
  3125 | D:5      | Entered Level 5 of the Dungeon
  3177 | D:5      | Noticed Pikel
  3188 | D:5      | HP: 3/93 [lemure[Pikel] (6)]
  3189 | D:5      | Slain by Pikel

Illustrated notes

Levels and vault maps discovered:
D:1:      onia_arrival_pentagram, layout_basic, minivault_4
D:2:      minmay_roachtagon, layout_loops_cross, minmay_misc_feat_x,
          dk_noncrumbling_2, grunt_decor_mini_mirrors, minmay_ruptured
D:3:      layout_basic
D:4:      layout_cave_pools, gammafunk_temple_overflow_elements,
          minmay_temple_entry_sparse_star, uniq_sigmund
D:5:      layout_layer_cave, hangedman_decor_lopped, uniq_eustachio, uniq_pikel

Skill      XL: |  1  2  3  4  5  6 |
---------------+-------------------+-----
Fighting       | 4 5 |  5.8
Axes           | 4 5 |  5.7
Armour         | 3 4 5 |  5.0
Dodging        | 3 4 |  4.5
Maces & Flails | 1 |  1.0

Action                     |  1- 3 |  4- 6 |  7- 9 || total
---------------------------+-------+-------+-------++-------
  Melee: Hand axe          |    46 |   100 |     3 ||   149
         Headbutt          |     7 |    15 |     1 ||    23
         Morningstar       |    26 |       |       ||    26
         Punch             |       |     1 |       ||     1
         War axe           |       |       |    12 ||    12
 Invoke: Berserk           |       |     2 |     1 ||     3
    Use: Potion            |       |     5 |       ||     5
         Scroll            |       |     3 |       ||     3
   Stab: Sleeping          |     1 |       |       ||     1
 Armour: Animal skin       |    26 |       |       ||    26
         Ring mail         |    14 |    76 |     2 ||    92
         Scale mail        |       |       |    24 ||    24
  Dodge: Dodged            |    47 |    50 |    19 ||   116

Table legend: (Time is in decaauts)
 A = Elapsed time spent in this place.
 B = Non-inter-level travel time spent in this place.
 C = Inter-level travel time spent in this place.
 D = Time resting spent in this place.
 E = Time spent auto-exploring this place.
 F = Levels seen in this place.
 G = Mean time per level.
                   A        B        C        D        E       F      G
               +--------+--------+--------+--------+--------+-----+--------+
         Total |   3209 |   3099 |    110 |      0 |   2282 |   5 |  641.8 |
       Dungeon |   3209 |   3099 |    110 |      0 |   2282 |   5 |  641.8 |
               +--------+--------+--------+--------+--------+-----+--------+

Top non-repeatable levels by time:
     D:1: 978 daAuts
     D:2: 817 daAuts
     D:4: 815 daAuts
     D:3: 532 daAuts
     D:5: 65 daAuts
